Map: Triton LE

Players

Dexterminatu - Winner!

  • Race: Terran Terran
  • League: Master
  • Spawn Location: 11:00

Aytreza

  • Race: Protoss Protoss
  • League: Gold
  • Spawn Location: 5:00

VOD

Have the link to the VOD?

Description

Time

  • Played on: March 7, 2020, 8:46 p.m.
  • Length: 21:57
Show
View Real Time Build Order
Export as new Build Order

Dexterminatu Terran - Winner!

Build Orders: Reaper Expand, Mech 

Get SALT Encoding   

  12  0:02  SCV  
  13  0:14  SCV  
  14  0:24  Supply Depot  
  14  0:26  SCV  
  15  0:45  SCV  
  15  0:46  Barracks  
  16  0:51  Refinery  
  16  0:57  SCV  
  17  1:09  SCV  
  18  1:21  SCV  
  19  1:37  Reaper  
  20  1:46  Command Center  
  20  1:56  Bunker  
  20  2:01  Orbital Command, Supply Depot  
  20  2:09  Marine  
  21  2:21  Refinery  
  21  2:27  Marine  
  22  2:44  Marine  
  22  3:04  SCV  
  22  3:05  Engineering Bay  
  23  3:10  Factory  
  23  3:15  SCV  
  23  3:16  SCV  
  25  3:24  Command Center  
  25  3:27  SCV  
  25  3:28  SCV  
  25  3:31  Engineering Bay  
  27  3:39  Planetary Fortress  
  27  3:44  SCV  
  28  3:53  Missile Turret  
  28  3:55  Marine  
  28  3:58  Factory Tech Lab  
  29  4:05  SCV  
  30  4:12  Missile Turret, Supply Depot  
  30  4:16  SCV  
  31  4:24  Siege Tank  
  31  4:28  SCV  
  35  4:37  Factory  
  35  4:41  Planetary Fortress  
  35  4:47  SCV  
  36  4:56  Siege Tank  
  36  4:59  SCV  
  40  5:11  SCV  
  41  5:15  Armory  
  41  5:16  Supply Depot  
  41  5:17  Supply Depot  
  41  5:18  SCV x2  
  43  5:24  SCV  
  43  5:25  Factory Tech Lab  
  44  5:29  Siege Tank  
  44  5:30  SCV x2  
  49  5:36  SCV  
  50  5:50  Supply Depot  
  50  5:51  Supply Depot  
  50  5:53  Supply Depot  
  50  5:59  Command Center  
  50  6:01  SCV  
  51  6:04  Refinery  
  51  6:07  Refinery  
  51  6:10  SCV  
  51  6:11  SCV  
  53  6:14  SCV  
  54  6:24  Drilling Claws  
  54  6:26  Widow Mine x2  
  58  6:46  Factory  
  58  6:48  Widow Mine  
  58  6:49  SCV  
  58  6:50  Starport  
  58  6:54  Widow Mine  
  63  7:01  SCV  
  64  7:05  Missile Turret  
  64  7:13  SCV  
  64  7:15  Widow Mine  
  67  7:16  Sensor Tower  
  67  7:20  Sensor Tower  
  67  7:23  SCV  
  67  7:25  SCV  
  69  7:31  Widow Mine  
  69  7:33  Factory Tech Lab  
  69  7:37  Widow Mine  
  73  7:47  Supply Depot  
  73  7:48  Missile Turret, Supply Depot  
  73  7:50  Planetary Fortress  
  73  8:02  Thor x2  
  85  8:06  Widow Mine  
  85  8:09  Supply Depot  
  87  8:14  Refinery  
  87  8:22  SCV  
  87  8:24  Starport Tech Lab  
  88  8:27  Widow Mine, Supply Depot  
  88  8:30  Supply Depot  
  90  8:35  SCV  
  90  8:39  SCV x2  
  90  8:40  SCV  
  94  8:45  Widow Mine  
  94  8:47  SCV  
  97  8:51  SCV  
  97  8:52  SCV x2  
  97  8:53  Supply Depot  
  100  8:59  SCV  
  100  9:00  Sensor Tower  
  101  9:03  SCV  
  102  9:11  Refinery  
  102  9:15  Command Center  
  102  9:16  Command Center  
  102  9:19  SCV  
  102  9:20  Command Center  
  103  9:27  Widow Mine x3  
  109  9:32  SCV  
  110  9:44  Supply Depot  
  110  9:49  Widow Mine, Thor  
  110  9:50  Thor  
  124  9:54  Raven  
  126  10:16  SCV  
  126  10:18  Thor  
  133  10:28  SCV  
  133  10:32  Thor  
  140  10:37  Raven  
  140  10:41  SCV  
  140  10:42  Missile Turret  
  143  10:51  Planetary Fortress  
  143  10:52  Thor  
  143  10:53  SCV  
  150  11:04  Starport  
  150  11:05  Starport, SCV  
  150  11:07  Widow Mine  
  150  11:08  Factory  
  153  11:16  Widow Mine  
  155  11:29  Widow Mine  
  157  11:35  SCV, Sensor Tower  
  157  11:36  Widow Mine  
  157  11:37  Widow Mine  
  157  11:39  Raven  
  164  11:50  Planetary Fortress, Widow Mine  
  166  11:56  Planetary Fortress  
  166  11:57  Widow Mine  
  166  11:58  Widow Mine  
  170  12:08  Refinery  
  170  12:10  SCV  
  170  12:11  Widow Mine  
  173  12:19  Widow Mine  
  173  12:20  Widow Mine  
  173  12:22  SCV, Raven  
  180  12:33  Widow Mine  
  180  12:34  SCV  
  183  12:40  Widow Mine  
  183  12:41  Widow Mine  
  187  12:46  SCV  
  187  12:47  Missile Turret  
  187  12:50  Widow Mine  
  190  12:54  Widow Mine  
  190  12:58  SCV  
  193  13:01  Widow Mine  
  181  13:34  Raven  
  183  13:48  SCV  
  184  13:52  Refinery  
  184  13:53  Starport Tech Lab  
  184  13:54  Starport Tech Lab  
  184  14:00  SCV  
  185  14:12  SCV  
  185  14:16  Raven  
  188  14:36  Widow Mine x3  
  194  15:00  Raven  
  194  15:01  Widow Mine x2, Supply Depot  
  194  15:02  Supply Depot  
  200  15:16  Command Center  
  200  15:17  Command Center  
  200  15:18  Command Center  
  200  15:38  Missile Turret  
  200  15:39  Missile Turret  
  200  15:41  Missile Turret  
  200  15:50  Widow Mine  
  200  15:55  Raven  
  200  16:00  Widow Mine  
  200  16:06  Raven  
  195  16:12  Widow Mine  
  191  16:21  Widow Mine  
  191  16:24  Widow Mine  
  191  16:25  Widow Mine  
  197  16:33  Widow Mine  
  199  16:44  Command Center  
  173  17:54  Widow Mine x4  
  179  18:15  Widow Mine x4  
  175  18:36  Command Center, Widow Mine  
  175  18:37  Widow Mine x3  
  183  18:58  Widow Mine x4  
  189  19:19  Widow Mine  
  189  19:20  Widow Mine x3  
  195  19:41  Widow Mine x2  
  197  20:02  Widow Mine  
  181  20:28  Thor x3  
  190  21:11  Thor  
Show
View Real Time Build Order
Export as new Build Order

Aytreza Protoss 

Build Orders: Carriers 

Get SALT Encoding   

  12  0:01  Probe  
  13  0:13  Probe  
  14  0:19  Pylon  
  14  0:25  Probe  
  15  0:37  Probe  
  15  0:38  Gateway  
  16  0:49  Gateway  
  16  0:53  Probe  
  17  1:01  Assimilator  
  17  1:05  Probe  
  17  1:11  Pylon  
  18  1:17  Probe  
  19  1:27  Zealot  
  21  1:36  Cybernetics Core, Zealot  
  23  1:46  Assimilator  
  23  2:15  Nexus  
  23  2:18  Stalker  
  25  2:27  Stalker  
  27  2:32  Probe  
  28  2:40  Pylon  
  26  3:09  Stalker  
  28  3:19  Zealot  
  30  3:28  Forge  
  30  3:29  Probe  
  31  3:35  Probe  
  33  3:41  Probe  
  33  3:47  Probe  
  34  3:50  Stalker  
  36  3:59  Stalker  
  36  4:02  Probe  
  39  4:06  Probe  
  40  4:19  Photon Cannon  
  40  4:24  Stalker  
  42  4:32  Probe x2  
  44  4:39  Photon Cannon  
  44  4:45  Probe x2  
  46  4:54  Pylon  
  46  4:55  Stalker  
  48  5:06  Robotics Facility  
  48  5:08  Probe x2  
  48  5:14  Stalker  
  52  5:20  Probe x2  
  54  5:32  Probe x2  
  54  5:34  Warp Gate (Chrono Boost), Stalker  
  58  5:44  Photon Cannon  
  58  5:48  Stalker  
  60  5:55  Pylon  
  60  5:57  Probe x2  
  61  6:09  Probe  
  62  6:13  Probe  
  62  6:14  Stalker  
  62  6:15  Immortal  
  69  6:21  Probe  
  70  6:28  Gateway  
  70  6:31  Gateway  
  70  6:40  Twilight Council  
  70  6:46  Stargate  
  70  6:54  Assimilator  
  70  6:56  Assimilator  
  70  7:02  Pylon  
  70  7:04  Pylon  
  70  7:07  Photon Cannon  
  70  7:12  Photon Cannon  
  70  7:20  Immortal, Zealot, Probe x2  
  70  7:22  Zealot  
  80  7:26  Charge (Chrono Boost)  
  80  7:32  Probe x2  
  82  7:37  Stargate  
  82  7:43  Zealot x2  
  86  7:55  Fleet Beacon  
  86  8:10  Pylon  
  86  8:14  Pylon  
  86  8:25  Pylon  
  86  8:28  Observer, Probe x2  
  89  8:35  Gateway  
  89  8:38  Gateway  
  89  8:43  Nexus  
  89  8:50  Carrier x2 (Chrono Boost)  
  101  9:03  Stalker x2  
  105  9:19  Immortal  
  109  9:28  Pylon  
  109  9:29  Pylon  
  109  9:30  Pylon  
  109  9:43  Robotics Facility  
  109  9:56  Probe  
  109  9:57  Probe x2  
  109  9:59  Observer  
  113  10:07  Photon Cannon  
  113  10:08  Probe  
  113  10:09  Probe x2  
  116  10:20  Carrier, Probe  
  116  10:21  Probe x2  
  124  10:32  Probe  
  124  10:33  Probe x2  
  127  10:36  Carrier  
  127  10:41  Assimilator  
  133  10:43  Assimilator  
  133  10:44  Probe  
  134  10:51  Cybernetics Core  
  134  10:55  Protoss Air Weapons Level 1 (Chrono Boost)  
  134  10:57  Probe x3  
  137  11:15  Pylon  
  137  11:18  Immortal  
  137  11:19  Immortal, Pylon  
  145  11:33  Carrier  
  151  11:40  Carrier  
  157  11:51  Zealot  
  157  11:52  Zealot x3  
  165  12:01  Pylon  
  165  12:03  Pylon  
  164  12:19  Protoss Air Armor Level 1 (Chrono Boost)  
  148  12:38  Carrier  
  148  12:40  Probe x3  
  155  12:52  Probe  
  155  12:53  Probe x2  
  158  13:03  Carrier  
  158  13:04  Probe  
  158  13:05  Probe x2  
  157  13:16  Probe  
  157  13:17  Probe x2  
  140  13:28  Probe  
  141  13:38  Stargate  
  141  13:39  Stargate  
  141  13:42  Carrier  
  147  13:50  Protoss Air Weapons Level 2 (Chrono Boost)  
  147  14:08  Carrier  
  152  14:34  Carrier  
  152  14:35  Carrier  
  152  14:37  Nexus  
  164  14:42  Pylon  
  164  14:52  Warp Prism (Chrono Boost)  
  157  14:58  Warp Prism (Chrono Boost)  
  161  15:09  Pylon  
  161  15:12  Pylon  
  160  15:27  Observer (Chrono Boost)  
  161  15:29  Observer (Chrono Boost)  
  139  16:14  Stalker  
  139  16:15  Stalker x4  
  149  16:19  Observer x2  
  151  16:34  Probe x4  
  155  16:43  Carrier x2  
  155  16:46  Probe x4  
  170  16:58  Probe x4  
  170  16:59  Photon Cannon  
  174  17:06  Photon Cannon  
  174  17:10  Probe x2  
  174  17:15  Photon Cannon  
  176  17:19  Photon Cannon  
  176  17:22  Probe  
  175  17:35  Carrier  
  81  18:29  Stalker  
  81  18:30  Stalker x3  
  81  18:32  Stalker x2  
  81  18:36  Immortal  
  72  19:19  Phoenix  
  72  19:20  Phoenix x3  
  80  19:36  Observer  
  81  19:52  Nexus  
  27  21:17  Probe x4  
Tags
 
Composition
CarriersMech
Matchup
PvT
Spawn Locations
Cross Positions
Add a new tag
Caveats
  • Supply blocks, unpowered buildings, or Contaminate may cause inaccurate times.
  • Supply counts are checked every 10 seconds.